 Dungeon Crawl Stone Soup version 0.21.0-3-g78d12a8 (webtiles) character file.

107 Aphrodieselac the Chopper (level 4, -5/39 HPs)
             Began as a Hill Orc Fighter on Jan 11, 2018.
             Splashed by a jelly's acid (7 damage)
             ... on level 2 of the Dungeon.
             The game lasted 00:05:32 (1654 turns).

Aphrodieselac the Chopper (Hill Orc Fighter)        Turns: 1654, Time: 00:05:33

Health: -5/39      AC:  2    Str: 19    XL:     4   Next: 86%
Magic:  4/4        EV:  9    Int:  8    God:
Gold:   60         SH:  0    Dex: 10    Spells: 3/3 levels left

rFire    . . .     SeeInvis .   a - +0 war axe
rCold    . . .     Gourm    .   (no shield)
rNeg     . . .     Faith    .   b - +0 scale mail
rPois    .         Spirit   .   (no helmet)
rElec    .         Reflect  .   (no cloak)
rCorr    .         Harm     .   (no gloves)
MR       .....                  (no boots)
Stlth    ..........             (no amulet)
HPRegen  0.13/turn              (no ring)
MPRegen  0.09/turn              (no ring)

@: corroded
A: no striking features
a: no special abilities


You were on level 2 of the Dungeon.
You were hungry.

You visited 1 branch of the dungeon, and saw 2 of its levels.

You collected 60 gold pieces.

Inventory:

Hand Weapons
 a - a +0 war axe (weapon)
Missiles
 c - 35 stones (quivered)
Armour
 b - a +0 scale mail (worn)
Jewellery
 m - an uncursed ring of positive energy {unknown}
Scrolls
 e - a scroll of random uselessness {unknown}
 g - 2 scrolls of identify {unknown}
 i - a scroll of fog {unknown}
 j - a scroll of remove curse {unknown}
Potions
 d - a potion of might
 h - 2 potions of flight
 k - a potion of degeneration {unknown}
 l - a potion of agility {unknown}
Comestibles
 f - 4 rations


   Skills:
 - Level 3.6 Fighting
 + Level 6.5 Axes
 - Level 3.2 Armour
   Level 3.2 Shields


You had 3 spell levels left.
You didn't know any spells.

Dungeon Overview and Level Annotations

Branches:
Dungeon (2/15)

Altars:


Message History

The ooze hits you. The jelly closely misses you.
The ooze hits the fungus. x4
The ooze hits you but does no damage.
You completely miss the jelly.
The jelly is severely wounded.
You hit the ooze but do no damage. x2; The jelly hits you.
You are splashed with acid!
The acid burns!
The ooze hits the fungus. x3
The ooze barely misses you.
The ooze hits the fungus.
The ooze barely misses you.
You completely miss the jelly.
The jelly is severely wounded.
You hit the ooze. You slash the ooze!
You kill the ooze!
The jelly hits you.
You are splashed with acid!
The acid burns!
* * * LOW HITPOINT WARNING * * *
The ooze hits the fungus. x3; The ooze hits you.
* * * LOW HITPOINT WARNING * * *
The ooze hits the fungus.
The jelly hits you.
* * * LOW HITPOINT WARNING * * *
You are splashed with acid!
The acid burns!
You die...

#.......##..########
#.......##..........###
#.......##............
#....[..##...........#
####....###..#######.#
##..'....# #..######..#
#.########
#.<........###
##......##
#.###.###....[ #######@#
### #.# #..#..
.P..JPJJ.# #.# #..###
....JJJP.# #.# #..# #
.÷...P...# #.# #..##
÷P.÷.÷.P.# #.# #...##
.P÷......# #.# #.#.#.
!....P...######.###.#...
###########.#...........
######.#...........


You could see a jelly and 5 oozes.

Vanquished Creatures
  2 adders (D:2)
  5 oozes (D:2)
  2 worms (D:2)
  2 leopard geckos (D:1)
  3 giant cockroaches
  6 goblins
  4 hobgoblins
  8 jackals (D:1)
  4 bats
  4 frilled lizards
  13 kobolds
  6 rats
  A fungus (D:2)
60 creatures vanquished.

Vanquished Creatures (others)
  7 toadstools (D:2)
7 creatures vanquished.

Grand Total: 67 creatures vanquished

Notes
Turn   | Place    | Note
-------+----------+-------------------------------------------
     0 | D:1      | Aphrodieselac the Hill Orc Fighter began the quest for the Orb.
     0 | D:1      | Reached XP level 1. HP: 19/19 MP: 1/1
    38 | D:1      | Reached skill level 3 in Axes
    43 | D:1      | Reached XP level 2. HP: 21/26 MP: 2/2
   223 | D:1      | Reached skill level 4 in Axes
   474 | D:1      | Reached XP level 3. HP: 29/31 MP: 3/3
   982 | D:2      | Reached skill level 5 in Axes
  1266 | D:2      | Reached XP level 4. HP: 23/39 MP: 4/4
  1357 | D:2      | Reached skill level 6 in Axes
  1654 | D:2      | Splashed by a jelly's acid

Skill      XL: |  1  2  3  4 |
---------------+-------------+-----
Axes           | 3 4 5 6 |  6.5
Fighting       | |  3.6
Armour         | |  3.2
Shields        | |  3.2

Action                   |  1- 3 |  4- 6 || total
-------------------------+-------+-------++-------
Melee: War axe           |   119 |    41 ||   160
  Use: Potion            |     3 |       ||     3
  Eat: Chunk             |     1 |     1 ||     2
Armor: Scale mail        |    73 |    26 ||    99
       Skin              |     3 |       ||     3
Dodge: Dodged            |    75 |    30 ||   105
